Map: Paladino Terminal LE

Players

Slaz

  • Race: Terran Terran
  • League: Gold
  • Spawn Location: 5:00

Fropez - Winner!

  • Race: Protoss Protoss
  • League: Platinum
  • Spawn Location: 9:00

VOD

Have the link to the VOD?

Description

Time

  • Played on: Jan. 27, 2017, 5:15 p.m.
  • Length: 20:25
Show
View Real Time Build Order
Export as new Build Order

Slaz Terran 

Build Orders: MMM Bio 

Get SALT Encoding   

  12  0:01  SCV  
  13  0:13  SCV  
  14  0:19  Supply Depot  
  14  0:25  SCV  
  15  0:31  Refinery  
  15  0:44  Barracks  
  15  0:48  SCV  
  16  1:00  SCV  
  17  1:12  SCV  
  17  1:16  Refinery  
  18  1:24  SCV  
  19  1:31  Barracks Reactor  
  19  1:41  Barracks  
  19  1:43  Orbital Command  
  19  1:57  Factory  
  19  2:13  SCV  
  20  2:17  Marine x2  
  22  2:24  Engineering Bay  
  22  2:29  Barracks Tech Lab  
  22  2:35  Supply Depot  
  21  2:37  SCV  
  21  2:42  Marine  
  23  2:48  Factory Tech Lab  
  23  2:50  Stimpack  
  23  2:57  Marine  
  24  3:07  SCV  
  24  3:10  Missile Turret  
  25  3:17  Siege Tank  
  25  3:18  Marine  
  25  3:19  Marauder  
  29  3:40  Marine  
  31  3:44  Marine  
  31  3:45  Marine  
  28  4:03  Barracks Tech Lab  
  28  4:06  Barracks Reactor  
  26  4:11  Marine  
  26  4:14  Siege Tank  
  30  4:19  Barracks Reactor  
  30  4:29  Marine  
  31  4:44  Missile Turret  
  31  4:51  Barracks  
  31  4:55  Supply Depot  
  31  4:59  Supply Depot  
  31  5:02  SCV  
  31  5:11  Barracks Reactor  
  31  5:16  Marine  
  31  5:25  SCV  
  32  5:32  Starport, Combat Shields  
  32  5:35  Marine  
  33  5:42  Siege Tank  
  36  5:52  Marine  
  35  6:06  Marine x2  
  35  6:10  Marine  
  38  6:12  Medivac  
  40  6:23  Marine  
  40  6:24  Marine, Terran Infantry Weapons Level 1, Command Center  
  42  6:28  Marine  
  43  6:39  Cyclone  
  46  6:44  Supply Depot  
  46  7:03  Starport Reactor  
  46  7:06  Marauder  
  48  7:14  Missile Turret  
  48  7:30  Barracks Reactor  
  48  7:31  Marauder  
  50  7:39  Barracks Reactor  
  50  7:46  Medivac  
  52  7:52  Marine  
  44  8:14  Marauder  
  44  8:35  Marine, Barracks  
  44  8:39  Missile Turret  
  42  8:50  Siege Tank  
  42  8:53  Marine  
  46  9:00  Orbital Command  
  46  9:10  Marine, Medivac  
  49  9:20  SCV  
  50  9:33  Missile Turret  
  50  9:38  Medivac  
  51  10:17  Viking, Medivac  
  51  10:19  Marine x2  
  51  10:20  Marauder  
  50  10:29  Barracks Reactor  
  50  10:33  SCV x2  
  51  10:37  Marine x2  
  51  10:40  Refinery x2  
  51  10:41  Marauder  
  55  10:45  Barracks  
  55  10:55  Marine x2  
  57  11:28  Siege Tank  
  60  11:38  Viking  
  62  11:40  Medivac  
  62  11:43  Barracks Reactor  
  62  11:44  Marine x5  
  69  11:55  SCV  
  69  11:59  Supply Depot  
  69  12:00  Supply Depot  
  70  12:20  Marine x4, SCV x2  
  70  12:21  Marauder  
  75  12:40  Marine  
  75  12:41  Marine x5  
  75  12:42  Marauder  
  76  12:45  Siege Tank  
  76  12:56  Liberator  
  75  13:04  Marine x4  
  65  13:46  Marine x2, Marauder  
  52  14:04  Marine x2  
  52  14:08  Marauder  
  42  14:22  Marine  
  31  15:08  Liberator  
  25  15:18  Barracks Reactor  
  25  15:27  Siege Tank  
  31  15:37  Marine  
  32  15:54  Marine  
  32  15:56  Marine x2  
  35  16:00  Concussive Shells  
  35  16:12  Marine  
  35  16:14  Marine  
  35  16:15  Terran Infantry Armor Level 1  
  37  16:24  Orbital Command  
  37  16:43  Marine x2  
  39  17:01  Marine  
  40  17:13  Refinery  
  40  17:18  Marine x2  
  40  17:19  Marine  
  43  17:36  Marine  
  43  17:44  Command Center  
  43  17:46  Marine x2  
  44  18:15  SCV  
  45  18:20  Marine x3  
  47  18:27  SCV  
  47  18:35  Barracks  
  47  18:39  SCV  
  47  18:40  Marine x2  
  50  18:44  Marine  
  51  18:51  SCV  
  47  19:03  SCV  
  48  19:15  Siege Tank  
  51  19:21  Medivac  
  53  19:25  Barracks Reactor  
  53  19:26  SCV  
  54  19:38  SCV  
  55  19:49  Marine x2  
  55  19:50  Marine, SCV  
Show
View Real Time Build Order
Export as new Build Order

Fropez Protoss - Winner!

Build Orders:  

Get SALT Encoding   

  12  0:01  Probe (Chrono Boost)  
  13  0:15  Pylon  
  13  0:18  Probe (Chrono Boost)  
  14  0:28  Probe (Chrono Boost)  
  14  0:35  Gateway  
  15  0:39  Probe (Chrono Boost)  
  16  0:51  Assimilator  
  16  0:54  Probe (Chrono Boost)  
  16  0:55  Assimilator  
  17  1:04  Probe (Chrono Boost)  
  18  1:15  Probe (Chrono Boost)  
  19  1:22  Cybernetics Core  
  19  1:25  Gateway  
  19  1:28  Probe (Chrono Boost)  
  20  1:40  Probe (Chrono Boost)  
  20  1:45  Pylon  
  21  1:49  Warp Gate  
  21  1:51  Probe (Chrono Boost)  
  22  2:02  Pylon  
  22  2:06  Mothership Core (Chrono Boost)  
  24  2:19  Adept  
  24  2:20  Adept  
  28  2:26  Probe (Chrono Boost)  
  29  2:33  Pylon  
  29  2:43  Probe (Chrono Boost)  
  29  2:56  Probe (Chrono Boost)  
  30  3:08  Nexus  
  30  3:12  Adept  
  32  3:31  Adept  
  34  3:34  Gateway  
  34  3:40  Gateway  
  30  4:12  Adept  
  30  4:25  Twilight Council  
  30  4:28  Gateway  
  30  4:31  Pylon  
  30  4:33  Pylon  
  30  4:37  Adept x3  
  36  4:38  Adept  
  32  5:11  Adept x3  
  32  5:12  Adept  
  34  5:25  Probe (Chrono Boost)  
  34  5:27  Probe (Chrono Boost)  
  36  5:38  Stalker x2  
  40  5:47  Assimilator  
  40  5:49  Pylon  
  40  5:54  Stalker x2  
  44  6:04  Blink  
  44  6:10  Stalker x2  
  48  6:11  Probe (Chrono Boost)  
  48  6:13  Probe (Chrono Boost)  
  50  6:48  Adept  
  50  6:51  Nexus  
  52  7:01  Probe (Chrono Boost)  
  52  7:03  Probe (Chrono Boost)  
  54  7:12  Probe (Chrono Boost)  
  54  7:15  Probe (Chrono Boost)  
  54  7:16  Pylon x2  
  54  7:23  Adept  
  54  7:39  Adept x4  
  60  7:47  Forge  
  60  7:53  Resonating Glaives  
  46  8:14  Protoss Ground Weapons Level 1  
  46  8:16  Stalker x4  
  46  8:17  Stalker  
  54  8:24  Probe (Chrono Boost)  
  54  8:26  Probe (Chrono Boost)  
  56  8:47  Stalker x2  
  56  8:48  Stalker x2  
  64  8:55  Pylon  
  65  8:56  Probe x2 (Chrono Boost)  
  64  9:20  Probe (Chrono Boost)  
  64  9:21  Probe (Chrono Boost), Robotics Facility  
  64  9:22  Probe (Chrono Boost)  
  64  9:23  Robotics Facility  
  67  9:28  Forge  
  67  9:34  Mothership Core (Chrono Boost)  
  67  9:48  Stalker x4  
  67  9:52  Probe (Chrono Boost)  
  77  9:54  Probe (Chrono Boost)  
  77  9:55  Adept  
  78  10:03  Probe x2 (Chrono Boost)  
  79  10:07  Pylon  
  79  10:16  Probe x2 (Chrono Boost)  
  79  10:18  Probe (Chrono Boost)  
  82  10:23  Stalker x3  
  88  10:30  Warp Prism  
  88  10:31  Observer  
  91  10:37  Assimilator  
  91  10:42  Templar Archives  
  91  10:44  Adept x2  
  91  10:47  Probe (Chrono Boost)  
  91  10:48  Probe (Chrono Boost)  
  91  10:49  Probe (Chrono Boost)  
  98  11:00  Stalker  
  98  11:01  Stalker  
  90  11:26  Psionic Storm  
  90  11:30  Stalker x5  
  93  11:34  Assimilator  
  93  11:38  Gateway  
  93  11:39  Immortal  
  97  11:43  Immortal  
  101  11:59  Pylon  
  101  12:08  High Templar x2  
  105  12:12  Assimilator  
  105  12:13  Probe x3 (Chrono Boost)  
  108  12:21  Photon Cannon  
  106  12:36  Adept  
  89  12:37  Adept x2  
  89  12:43  Adept x3  
  89  13:00  High Templar  
  89  13:01  High Templar x2  
  89  13:07  Pylon x2  
  89  13:09  Pylon  
  89  13:11  Pylon  
  89  13:27  Pylon  
  89  13:28  Adept x2  
  76  13:44  Adept  
  54  14:10  Archon  
  54  14:12  Zealot  
  50  14:19  Gateway  
  37  14:35  Archon  
  35  15:06  Probe (Chrono Boost)  
  33  15:08  Probe (Chrono Boost)  
  33  15:17  Probe (Chrono Boost)  
  33  15:20  Probe (Chrono Boost)  
  35  15:23  Gateway  
  35  15:27  Probe (Chrono Boost)  
  36  15:28  Zealot x2  
  36  15:32  Probe (Chrono Boost)  
  36  15:35  Pylon  
  41  15:38  Probe (Chrono Boost)  
  43  15:44  Probe (Chrono Boost)  
  43  15:45  Dark Shrine  
  43  15:48  Probe (Chrono Boost)  
  44  15:56  Probe (Chrono Boost)  
  45  16:02  Probe (Chrono Boost)  
  46  16:08  Probe (Chrono Boost)  
  47  16:12  Probe (Chrono Boost)  
  48  16:20  Probe (Chrono Boost)  
  49  16:27  Cybernetics Core  
  49  16:29  Pylon, Zealot  
  51  16:50  Pylon  
  51  17:10  Dark Templar  
  51  17:11  Dark Templar x2  
  57  17:17  Dark Templar  
  57  17:20  Adept  
  57  17:21  Shadow Stride  
  61  17:32  Protoss Ground Weapons Level 2  
  61  17:41  Dark Templar  
  63  17:56  Probe x2 (Chrono Boost)  
  65  18:08  Probe x2 (Chrono Boost)  
  65  18:15  Adept  
  65  18:17  Adept x3  
  73  18:41  Probe (Chrono Boost)  
  74  18:42  Nexus  
  66  19:10  Dark Templar x2  
  70  19:28  Dark Templar  
  74  19:31  Probe x2 (Chrono Boost)  
  74  19:43  Probe (Chrono Boost)  
  74  19:44  Probe (Chrono Boost)  
  76  19:52  Dark Templar  
Tags
 
Composition
MMM Bio
Matchup
PvT
Replay Pack
All Mines
Spawn Locations
Cross Positions
Add a new tag
Caveats
  • Supply blocks, unpowered buildings, or Contaminate may cause inaccurate times.
  • Supply counts are checked every 10 seconds.